New York Rangers vs Calgary Flames
Created - Thursday, June 19, 2025 at 07:34
Goals
|
| New York Rangers |
1 |
0 |
0 |
1 |
| Calgary Flames |
2 |
0 |
1 |
3 |
|
Shots
|
| New York Rangers |
8 |
8 |
8 |
24 |
| Calgary Flames |
14 |
14 |
4 |
32 |
|
1st period
1. Calgary Flames , Joel Eriksson Ek 3 (Zach Hyman 5, Sebastian Aho 8) at 5:51
2. Calgary Flames , Chris Kreider 9 (Matthew Tkachuk 9, J.T. Miller 8) at 16:48
3. New York Rangers , Cole Caufield 7 (Dylan Strome 6, Cam Fowler 4) at 17:06
Penalties :
Adam Larsson (NYR) for Roughing (Minor) at 11:46, Adam Larsson (NYR) for High sticking (Minor) at 18:26
2nd period
No Goal
Penalties :
Matthew Tkachuk (CGY) for Slashing (Minor) at 7:20, Timo Meier (NYR) for High sticking (Minor) at 15:56
3rd period
4. Calgary Flames , Drew Doughty 1 (J.T. Miller 9, Matthew Tkachuk 10) at 19:04 (Empty Net)
Penalties :
Drew Doughty (CGY) for Tripping (Minor) at 2:40, John Marino (NYR) for Tripping (Minor) at 10:42, Artemi Panarin (NYR) for Hooking (Minor) at 14:49
Goalie Stats
Igor Shesterkin (NYR), 29 saves from 31 shots - (0.935), L, 8-5-0, 59:38 minutes
Ilya Sorokin (CGY), 23 saves from 24 shots - (0.958), W, 10-3-0, 60:00 minutes
Players Stats for New York Rangers
Player Name G A P +/- PIM S H SB GA TA FO MP PP MP PK MP
------------------------------------------------------------------------------------
Adam Larsson 0 0 0 -1 4 1 3 2 0 1 0/0 21:50 0:00 3:37
Artemi Panarin 0 0 0 -1 2 0 1 0 2 0 0/0 14:56 2:20 0:00
Cam Fowler 0 1 1 -1 0 0 0 4 0 0 0/0 20:17 2:20 2:29
Cole Caufield 1 0 1 -1 0 3 2 0 0 0 0/4 16:48 2:15 0:27
Conor Garland 0 0 0 -1 0 3 1 0 0 0 0/1 13:14 1:43 0:00
David Kampf 0 0 0 0 0 1 2 0 2 0 2/5 12:20 0:00 4:30
Dylan Strome 0 1 1 0 0 1 0 0 0 1 7/15 15:27 1:43 0:00
Jake McCabe 0 0 0 -1 0 2 2 2 0 2 0/0 23:47 0:00 5:25
Jake Walman 0 0 0 -1 0 1 2 1 0 1 0/0 21:27 1:38 4:30
John Marino 0 0 0 0 2 0 0 1 0 2 0/0 16:34 0:00 3:40
Marcus Foligno 0 0 0 0 0 0 1 1 1 0 0/1 12:42 0:00 4:46
Matthew Benning 0 0 0 0 0 0 2 1 0 1 0/0 12:13 0:00 0:09
Mikael Granlund 0 0 0 0 0 2 0 2 0 0 8/19 19:21 1:43 4:58
Nathan MacKinnon 0 0 0 -1 0 2 0 1 1 0 0/4 14:52 2:15 0:00
Sean Couturier 0 0 0 -1 0 1 2 0 0 0 8/11 12:14 0:00 0:39
Teuvo Teravainen 0 0 0 -1 0 4 2 0 0 0 1/1 13:09 1:38 0:00
Timo Meier 0 0 0 0 2 1 2 0 1 0 0/0 16:29 2:15 0:00
Tyler Motte 0 0 0 0 0 2 0 0 0 1 0/0 12:20 0:00 4:30
Players Stats for Calgary Flames
Player Name G A P +/- PIM S H SB GA TA FO MP PP MP PK MP
------------------------------------------------------------------------------------
Bo Horvat 0 0 0 0 0 0 2 1 1 0 7/11 11:42 0:04 0:00
Cale Makar 0 0 0 1 0 2 0 1 1 0 0/0 23:33 4:43 2:10
Chris Kreider 1 0 1 1 0 5 1 0 0 0 0/0 19:43 4:59 2:02
Drew Doughty 1 0 1 1 2 1 3 0 0 3 0/0 22:36 4:43 1:03
Filip Hronek 0 0 0 1 0 0 1 1 0 1 0/0 14:32 0:18 0:00
J.T. Miller 0 2 2 1 0 5 3 0 2 0 15/21 19:53 5:03 2:02
Jake Middleton 0 0 0 1 0 0 1 1 0 0 0/0 14:26 0:00 1:07
Jeremy Lauzon 0 0 0 0 0 0 0 3 0 1 0/0 21:55 4:54 1:48
Joel Eriksson Ek 1 0 1 1 0 4 0 1 0 0 0/1 15:20 0:00 1:56
Kris Letang 0 0 0 0 0 1 3 2 0 0 0/0 23:08 5:12 1:48
Mathieu Joseph 0 0 0 0 0 1 0 0 0 1 0/0 8:36 0:00 0:00
Matthew Tkachuk 0 2 2 1 2 4 3 0 1 0 0/0 18:14 4:59 0:00
Nic Dowd 0 0 0 0 0 0 0 0 0 1 0/0 8:59 0:04 0:00
Nicholas Paul 0 0 0 0 0 3 0 0 0 0 1/5 9:10 0:00 0:00
Oliver Bjorkstrand 0 0 0 0 0 1 0 0 2 0 1/2 11:19 0:00 0:00
Pavel Zacha 0 0 0 0 0 1 2 0 0 0 0/0 16:11 4:52 0:00
Sebastian Aho 0 1 1 1 0 2 1 0 1 0 10/20 19:25 4:52 1:56
Zach Hyman 0 1 1 1 0 2 1 0 1 0 1/1 17:18 4:52 0:00
3 Stars
1 - J.T. Miller (CGY)
2 - Ilya Sorokin (CGY)
3 - Chris Kreider (CGY)
Power Play
New York Rangers - 0 on 2 Attempt(s) - 0.00%
Calgary Flames - 0 on 5 Attempt(s) - 0.00%
Penalty Kill
New York Rangers - 5 on 5 Attempt(s) - 100.00%
- Score 0 goal in Penalty Kill
Calgary Flames - 2 on 2 Attempt(s) - 100.00%
- Score 0 goal in Penalty Kill
Team Stat
New York Rangers - Hits : 22 - Faceoff Wins : 26 - Blocked Shots : 15 - Penalty Minutes : 10
Calgary Flames - Hits : 21 - Faceoff Wins : 35 - Blocked Shots : 10 - Penalty Minutes : 4
Official
Referees : Steve Kozari and Jordan Samuels
Linesman : Ryan Galloway and Michel Cormier
Game Notes
Drew Doughty has scored in a empty net!
Finance
Level 1 -- Attendance: 6000 (100.00%) -- Ticket Income $600,000
Level 2 -- Attendance: 5000 (100.00%) -- Ticket Income $300,000
Level 3 -- Attendance: 3000 (100.00%) -- Ticket Income $105,000
Level 4 -- Attendance: 5000 (100.00%) -- Ticket Income $125,000
Luxury Box -- Attendance: 1000 (100.00%) -- Ticket Income $200,000
Game was played at the Scotiabank Saddledome.
Total Attendance: 20000 (100.00%)
Total Ticket Income: $1,330,000
Other Income: $465,500
Total Income: $1,795,500
New York Rangers
5 vs 5 Forward
Center Left Wing Right Wing Time % Phy DF OF
1 Mikael Granlund Artemi Panarin Nathan MacKinnon 30 1 1 3
2 Dylan Strome Cole Caufield Timo Meier 30 1 1 3
3 Sean Couturier Teuvo Teravainen Conor Garland 25 1 2 2
4 David Kampf Tyler Motte Marcus Foligno 15 1 2 2
5 vs 5 Defense
Defense Defense Time % Phy DF OF
1 Jake McCabe Adam Larsson 40 1 3 1
2 Cam Fowler Jake Walman 35 1 3 1
3 John Marino Matthew Benning 25 1 3 1
4 Cam Fowler Jake McCabe 0 1 2 2
PowerPlay Forward
Center Left Wing Right Wing Time % Phy DF OF
1 Nathan MacKinnon Timo Meier Cole Caufield 60 0 1 4
2 Dylan Strome Mikael Granlund Conor Garland 40 1 1 3
PowerPlay Defense
Defense Defense Time % Phy DF OF
1 Cam Fowler Artemi Panarin 60 0 1 4
2 Teuvo Teravainen Jake Walman 40 1 1 3
Penalty Kill 4 Players Forward
Center Wing Time % Phy DF OF
1 David Kampf Tyler Motte 50 1 3 1
2 Mikael Granlund Marcus Foligno 50 1 3 1
Penalty Kill 4 Players Defense
Defense Defense Time % Phy DF OF
1 Jake Walman John Marino 50 1 3 1
2 Adam Larsson Jake McCabe 50 1 3 1
Penalty Kill - 3 Players Forward
Forward Time % Phy DF OF
1 David Kampf 50 1 3 1
2 Mikael Granlund 50 1 3 1
Penalty Kill - 3 Players Defense
Defense Defense Time % Phy DF OF
1 Jake Walman John Marino 50 1 3 1
2 Adam Larsson Cam Fowler 50 1 3 1
4 vs 4 Forward
Center Wing Time % Phy DF OF
1 Nathan MacKinnon Artemi Panarin 50 1 2 2
2 Dylan Strome Cole Caufield 50 1 2 2
4 vs 4 Defense
Defense Defense Time % Phy DF OF
1 Jake Walman Jake McCabe 50 1 2 2
2 Adam Larsson Cam Fowler 50 1 2 2
Last Minutes Offensive
Center Left Wing Right Wing Defense Defense
Nathan MacKinnon Artemi Panarin Cole Caufield Cam Fowler Jake Walman
Last Minutes Defensive
Center Left Wing Right Wing Defense Defense
David Kampf Mikael Granlund Marcus Foligno Jake Walman John Marino
Goaltenders
Starting : Igor Shesterkin
Backup : Kevin Lankinen
Extra Forwards
Normal : Cole Caufield, Artemi Panarin, Timo Meier - PP : Dylan Strome, Conor Garland - PK : Sean Couturier
Extra Defensemen
Normal : Jake Walman, John Marino, Adam Larsson - PP : John Marino - PK : Cam Fowler, Matthew Benning
Penalty Shots
Artemi Panarin, Dylan Strome, Cole Caufield, Conor Garland, Nathan MacKinnon
Scratches
None
Calgary Flames
5 vs 5 Forward
Center Left Wing Right Wing Time % Phy DF OF
1 J.T. Miller Chris Kreider Matthew Tkachuk 30 0 3 2
2 Sebastian Aho Joel Eriksson Ek Zach Hyman 30 0 3 2
3 Bo Horvat Pavel Zacha Oliver Bjorkstrand 25 0 2 3
4 Nicholas Paul Nic Dowd Mathieu Joseph 15 1 2 2
5 vs 5 Defense
Defense Defense Time % Phy DF OF
1 Drew Doughty Cale Makar 35 0 2 3
2 Kris Letang Jeremy Lauzon 35 0 2 3
3 Filip Hronek Jake Middleton 30 1 2 2
4 Drew Doughty Cale Makar 0 1 2 2
PowerPlay Forward
Center Left Wing Right Wing Time % Phy DF OF
1 J.T. Miller Chris Kreider Matthew Tkachuk 50 1 2 2
2 Sebastian Aho Pavel Zacha Zach Hyman 50 1 2 2
PowerPlay Defense
Defense Defense Time % Phy DF OF
1 Drew Doughty Cale Makar 50 1 2 2
2 Kris Letang Jeremy Lauzon 50 1 2 2
Penalty Kill 4 Players Forward
Center Wing Time % Phy DF OF
1 J.T. Miller Chris Kreider 50 1 2 2
2 Sebastian Aho Joel Eriksson Ek 50 1 2 2
Penalty Kill 4 Players Defense
Defense Defense Time % Phy DF OF
1 Drew Doughty Cale Makar 50 1 2 2
2 Kris Letang Jeremy Lauzon 50 1 2 2
Penalty Kill - 3 Players Forward
Forward Time % Phy DF OF
1 J.T. Miller 50 1 2 2
2 Chris Kreider 50 1 2 2
Penalty Kill - 3 Players Defense
Defense Defense Time % Phy DF OF
1 Drew Doughty Cale Makar 50 1 2 2
2 Kris Letang Jeremy Lauzon 50 1 2 2
4 vs 4 Forward
Center Wing Time % Phy DF OF
1 J.T. Miller Chris Kreider 50 1 2 2
2 Sebastian Aho Joel Eriksson Ek 50 1 2 2
4 vs 4 Defense
Defense Defense Time % Phy DF OF
1 Drew Doughty Cale Makar 50 1 2 2
2 Kris Letang Jeremy Lauzon 50 1 2 2
Last Minutes Offensive
Center Left Wing Right Wing Defense Defense
J.T. Miller Chris Kreider Matthew Tkachuk Drew Doughty Cale Makar
Last Minutes Defensive
Center Left Wing Right Wing Defense Defense
J.T. Miller Chris Kreider Matthew Tkachuk Drew Doughty Cale Makar
Goaltenders
Starting : Ilya Sorokin
Backup : Samuel Montembeault
Extra Forwards
Normal : Nic Dowd, Bo Horvat, Nicholas Paul - PP : Nic Dowd, Bo Horvat - PK : Nicholas Paul
Extra Defensemen
Normal : Filip Hronek, Jake Middleton, Kris Letang - PP : Filip Hronek - PK : Jake Middleton, Kris Letang
Penalty Shots
J.T. Miller, Chris Kreider, Sebastian Aho, Joel Eriksson Ek, Bo Horvat
Scratches
None
% Time on Ice - New York Rangers
Lines # - Real PCT - Wanted PCT - Time Play
Normal Forward
1 - 28% - 30% - 12:48
2 - 31% - 30% - 14:05
3 - 25% - 25% - 11:31
4 - 16% - 15% - 7:35
Normal Defense
1 - 39% - 40% - 17:46
2 - 34% - 35% - 15:40
3 - 26% - 25% - 12:04
4 - 1% - 0% - 0:29
PP Forward
1 - 57% - 60% - 2:15
2 - 43% - 40% - 1:43
PP Defense
1 - 59% - 60% - 2:20
2 - 41% - 40% - 1:38
PK Forward
1 - 47% - 50% - 4:40
2 - 53% - 50% - 5:15
PK Defense
1 - 45% - 50% - 4:30
2 - 55% - 50% - 5:25
PK3 Forward
1 - 0% - 50%
2 - 0% - 50%
PK3 Defense
1 - 0% - 50%
2 - 0% - 50%
44 Forward
1 - 0% - 50%
2 - 0% - 50%
44 Defense
1 - 0% - 50%
2 - 0% - 50%
Last Minute Offensive - 0:08
Last Minute Defensive - 0:00
Total
Forward - 60:00
Defense - 60:00
|
% Time on Ice - Calgary Flames
Lines # - Real PCT - Wanted PCT - Time Play
Normal Forward
1 - 28% - 30% - 12:39
2 - 29% - 30% - 13:24
3 - 25% - 25% - 11:19
4 - 19% - 15% - 8:36
Normal Defense
1 - 36% - 35% - 16:31
2 - 35% - 35% - 16:08
3 - 29% - 30% - 13:19
4 - 0% - 0% - 0:00
PP Forward
1 - 51% - 50% - 5:03
2 - 49% - 50% - 4:52
PP Defense
1 - 48% - 50% - 4:43
2 - 52% - 50% - 5:12
PK Forward
1 - 51% - 50% - 2:02
2 - 49% - 50% - 1:56
PK Defense
1 - 55% - 50% - 2:10
2 - 45% - 50% - 1:48
PK3 Forward
1 - 0% - 50%
2 - 0% - 50%
PK3 Defense
1 - 0% - 50%
2 - 0% - 50%
44 Forward
1 - 0% - 50%
2 - 0% - 50%
44 Defense
1 - 0% - 50%
2 - 0% - 50%
Last Minute Offensive - 0:00
Last Minute Defensive - 0:09
Total
Forward - 60:00
Defense - 60:00
|
Play-by-Play
1st period
0:01 of 1st period - J.T. Miller wins face-off versus Mikael Granlund in neutral zone.
0:04 of 1st period - Artemi Panarin is hit by J.T. Miller and loses puck.
0:09 of 1st period - Snap shot by J.T. Miller.
0:09 of 1st period - Shot Blocked by Mikael Granlund.
0:15 of 1st period - Snap shot by J.T. Miller.
0:15 of 1st period - Shot Misses the Net.
0:27 of 1st period - Adam Larsson is hit by Pavel Zacha and loses puck.
0:32 of 1st period - Snap shot by Pavel Zacha.
0:32 of 1st period - Stopped by Igor Shesterkin with a rebound.
0:54 of 1st period - Wrist shot by Artemi Panarin.
0:54 of 1st period - Shot Blocked by Kris Letang.
1:38 of 1st period - Snap shot by Bo Horvat.
1:38 of 1st period - Shot Misses the Net.
1:46 of 1st period - Snap shot by Artemi Panarin.
1:46 of 1st period - Shot Misses the Net.
1:48 of 1st period - Slapshot by Mikael Granlund.
1:48 of 1st period - Stopped by Ilya Sorokin with a rebound.
2:01 of 1st period - Off-side.
2:02 of 1st period - Sebastian Aho wins face-off versus Cole Caufield in neutral zone.
2:05 of 1st period - Slapshot by Zach Hyman.
2:05 of 1st period - Shot Blocked by Cam Fowler.
2:07 of 1st period - Wrist shot by Jake Middleton.
2:07 of 1st period - Shot Blocked by Jake Walman.
2:19 of 1st period - Snap shot by Sebastian Aho.
2:19 of 1st period - Stopped by Igor Shesterkin with a rebound.
3:15 of 1st period - Snap shot by Zach Hyman.
3:15 of 1st period - Shot Misses the Net.
3:25 of 1st period - Sean Couturier is hit by J.T. Miller and loses puck.
3:32 of 1st period - J.T. Miller is hit by Matthew Benning and loses puck.
3:48 of 1st period - John Marino is hit by Chris Kreider and loses puck.
4:25 of 1st period - Nic Dowd is hit by Cole Caufield.
4:40 of 1st period - Cale Makar is hit by Jake McCabe and loses puck.
5:02 of 1st period - Wrist shot by Joel Eriksson Ek.
5:02 of 1st period - Stopped by Igor Shesterkin without a rebound.
5:03 of 1st period - Sebastian Aho wins face-off versus Dylan Strome in New York Rangers zone.
5:10 of 1st period - Slapshot by Sebastian Aho.
5:10 of 1st period - Shot Misses the Net.
5:39 of 1st period - Wrist shot by Matthew Tkachuk.
5:39 of 1st period - Stopped by Igor Shesterkin without a rebound.
5:40 of 1st period - Dylan Strome wins face-off versus Sebastian Aho in New York Rangers zone.
5:49 of 1st period - Snap shot by Zach Hyman.
5:49 of 1st period - Stopped by Igor Shesterkin with a rebound.
5:51 of 1st period - Snap shot by Joel Eriksson Ek.
5:51 of 1st period - Goal by Joel Eriksson Ek - New York Rangers : 0 - Calgary Flames : 1.
5:52 of 1st period - Sean Couturier wins face-off versus Sebastian Aho in neutral zone.
6:19 of 1st period - J.T. Miller is hit by Timo Meier and loses puck.
6:26 of 1st period - Wrist shot by Timo Meier.
6:26 of 1st period - Shot Misses the Net.
6:28 of 1st period - Snap shot by Timo Meier.
6:28 of 1st period - Shot Misses the Net.
6:52 of 1st period - Slapshot by David Kampf.
6:52 of 1st period - Stopped by Ilya Sorokin without a rebound.
6:53 of 1st period - Dylan Strome wins face-off versus Sebastian Aho in Calgary Flames zone.
7:23 of 1st period - Slapshot by Jake McCabe.
7:23 of 1st period - Shot Misses the Net.
7:25 of 1st period - Slapshot by Jake McCabe.
7:25 of 1st period - Deflect By Drew Doughty.
7:25 of 1st period - Stopped by Ilya Sorokin without a rebound.
7:26 of 1st period - Mikael Granlund wins face-off versus Bo Horvat in Calgary Flames zone.
8:17 of 1st period - Snap shot by Timo Meier.
8:17 of 1st period - Shot Misses the Net.
8:19 of 1st period - Slapshot by Jake McCabe.
8:19 of 1st period - Shot Misses the Net.
8:21 of 1st period - Wrist shot by Jake McCabe.
8:21 of 1st period - Shot Blocked by Kris Letang.
8:31 of 1st period - Wrist shot by J.T. Miller.
8:31 of 1st period - Shot Hit the Post.
8:53 of 1st period - Snap shot by Conor Garland.
8:53 of 1st period - Stopped by Ilya Sorokin with a rebound.
8:55 of 1st period - Wrist shot by Sean Couturier.
8:55 of 1st period - Stopped by Ilya Sorokin with a rebound.
8:57 of 1st period - Snap shot by Jake Walman.
8:57 of 1st period - Shot Blocked by Jeremy Lauzon.
9:05 of 1st period - Snap shot by Zach Hyman.
9:05 of 1st period - Stopped by Igor Shesterkin without a rebound.
9:06 of 1st period - J.T. Miller wins face-off versus Mikael Granlund in New York Rangers zone.
9:09 of 1st period - Wrist shot by Matthew Tkachuk.
9:09 of 1st period - Shot Misses the Net.
9:45 of 1st period - Wrist shot by Nathan MacKinnon.
9:45 of 1st period - Shot Misses the Net.
10:20 of 1st period - Icing by Artemi Panarin.
10:21 of 1st period - J.T. Miller wins face-off versus Mikael Granlund in New York Rangers zone.
10:26 of 1st period - Wrist shot by J.T. Miller.
10:26 of 1st period - Stopped by Igor Shesterkin with a rebound.
10:28 of 1st period - Wrist shot by Matthew Tkachuk.
10:28 of 1st period - Shot Blocked by John Marino.
10:30 of 1st period - Slapshot by J.T. Miller.
10:30 of 1st period - Stopped by Igor Shesterkin without a rebound.
10:31 of 1st period - J.T. Miller wins face-off versus Dylan Strome in New York Rangers zone.
10:42 of 1st period - Wrist shot by J.T. Miller.
10:42 of 1st period - Stopped by Igor Shesterkin without a rebound.
10:43 of 1st period - Bo Horvat wins face-off versus Cole Caufield in New York Rangers zone.
10:54 of 1st period - Wrist shot by Timo Meier.
10:54 of 1st period - Stopped by Ilya Sorokin without a rebound.
10:55 of 1st period - Sean Couturier wins face-off versus Nicholas Paul in Calgary Flames zone.
11:02 of 1st period - Slapshot by Conor Garland.
11:02 of 1st period - Shot Misses the Net.
11:46 of 1st period - Minor Penalty to Adam Larsson for Roughing.
11:47 of 1st period - J.T. Miller wins face-off versus David Kampf in New York Rangers zone.
13:42 of 1st period - J.T. Miller is hit by Cole Caufield and loses puck.
13:46 of 1st period - Penalty to Adam Larsson is over, Adam Larsson is back on ice.
14:07 of 1st period - Jake Middleton is hit by Teuvo Teravainen.
14:17 of 1st period - Matthew Benning is hit by Jake Middleton and loses puck.
15:11 of 1st period - Kris Letang is hit by Artemi Panarin and loses puck.
15:39 of 1st period - Drew Doughty is hit by Adam Larsson and loses puck.
15:54 of 1st period - Slapshot by Chris Kreider.
15:54 of 1st period - Stopped by Igor Shesterkin with a rebound.
15:56 of 1st period - Backhand shot by Jake Middleton.
15:56 of 1st period - Shot Blocked by Adam Larsson.
16:33 of 1st period - Drew Doughty is hit by Adam Larsson and loses puck.
16:46 of 1st period - Backhand shot by Matthew Tkachuk.
16:46 of 1st period - Shot Blocked by Cam Fowler.
16:48 of 1st period - Wrist shot by Chris Kreider.
16:48 of 1st period - Goal by Chris Kreider - New York Rangers : 0 - Calgary Flames : 2.
16:49 of 1st period - J.T. Miller wins face-off versus Cole Caufield in neutral zone.
17:06 of 1st period - Snap shot by Cole Caufield.
17:06 of 1st period - Goal by Cole Caufield - New York Rangers : 1 - Calgary Flames : 2.
17:07 of 1st period - J.T. Miller wins face-off versus Sean Couturier in neutral zone.
17:12 of 1st period - Snap shot by Chris Kreider.
17:12 of 1st period - Shot Misses the Net.
17:44 of 1st period - Snap shot by Cole Caufield.
17:44 of 1st period - Stopped by Ilya Sorokin without a rebound.
17:45 of 1st period - Sebastian Aho wins face-off versus Mikael Granlund in Calgary Flames zone.
18:01 of 1st period - Snap shot by Sebastian Aho.
18:01 of 1st period - Shot Blocked by Jake McCabe.
18:26 of 1st period - Minor Penalty to Adam Larsson for High sticking.
18:27 of 1st period - Mikael Granlund wins face-off versus Sebastian Aho in New York Rangers zone.
18:37 of 1st period - Snap shot by Sebastian Aho.
18:37 of 1st period - Stopped by Igor Shesterkin with a rebound.
19:01 of 1st period - Wrist shot by J.T. Miller.
19:01 of 1st period - Shot Misses the Net.
19:03 of 1st period - Slapshot by Matthew Tkachuk.
19:03 of 1st period - Stopped by Igor Shesterkin with a rebound.
19:31 of 1st period - David Kampf is hit by Pavel Zacha and loses puck.
19:44 of 1st period - Jeremy Lauzon is hit by Jake McCabe and loses puck.
Goals for this period are 1 for New York Rangers vs 2 for Calgary Flames.
Shots for this period are 8 for New York Rangers vs 14 for Calgary Flames.
2nd period
0:01 of 2nd period - Mikael Granlund wins face-off versus Sebastian Aho in neutral zone.
0:16 of 2nd period - Snap shot by Zach Hyman.
0:16 of 2nd period - Shot Misses the Net.
0:26 of 2nd period - Penalty to Adam Larsson is over, Adam Larsson is back on ice.
1:15 of 2nd period - Conor Garland is hit by Filip Hronek and loses puck.
1:38 of 2nd period - Slapshot by Nathan MacKinnon.
1:38 of 2nd period - Stopped by Ilya Sorokin without a rebound.
1:39 of 2nd period - Sebastian Aho wins face-off versus Cole Caufield in Calgary Flames zone.
1:46 of 2nd period - Wrist shot by Sebastian Aho.
1:46 of 2nd period - Deflect By Joel Eriksson Ek.
1:46 of 2nd period - Stopped by Igor Shesterkin with a rebound.
1:52 of 2nd period - Snap shot by Sebastian Aho.
1:52 of 2nd period - Shot Blocked by Jake McCabe.
2:06 of 2nd period - Conor Garland is hit by Matthew Tkachuk and loses puck.
2:27 of 2nd period - Drew Doughty is hit by David Kampf.
2:35 of 2nd period - Tyler Motte is hit by Matthew Tkachuk and loses puck.
2:42 of 2nd period - Slapshot by Matthew Tkachuk.
2:42 of 2nd period - Stopped by Igor Shesterkin without a rebound.
2:43 of 2nd period - Mikael Granlund wins face-off versus Bo Horvat in New York Rangers zone.
3:41 of 2nd period - Mathieu Joseph is hit by Sean Couturier and loses puck.
3:58 of 2nd period - Wrist shot by Matthew Tkachuk.
3:58 of 2nd period - Shot Blocked by Marcus Foligno.
4:00 of 2nd period - Snap shot by Matthew Tkachuk.
4:00 of 2nd period - Stopped by Igor Shesterkin without a rebound.
4:01 of 2nd period - Bo Horvat wins face-off versus Mikael Granlund in New York Rangers zone.
4:18 of 2nd period - Slapshot by Cale Makar.
4:18 of 2nd period - Stopped by Igor Shesterkin without a rebound.
4:19 of 2nd period - Dylan Strome wins face-off versus Sebastian Aho in New York Rangers zone.
4:19 of 2nd period - Dylan Strome is hit by Sebastian Aho.
4:51 of 2nd period - Wrist shot by Matthew Tkachuk.
4:51 of 2nd period - Shot Blocked by Cam Fowler.
5:10 of 2nd period - Off-side.
5:11 of 2nd period - Bo Horvat wins face-off versus Nathan MacKinnon in neutral zone.
5:35 of 2nd period - Icing by Matthew Benning.
5:36 of 2nd period - Sean Couturier wins face-off versus Sebastian Aho in New York Rangers zone.
5:36 of 2nd period - Sean Couturier is hit by Drew Doughty.
6:26 of 2nd period - Slapshot by Nicholas Paul.
6:26 of 2nd period - Stopped by Igor Shesterkin without a rebound.
6:27 of 2nd period - Dylan Strome wins face-off versus Nicholas Paul in New York Rangers zone.
6:27 of 2nd period - Dylan Strome is hit by Kris Letang.
6:37 of 2nd period - Snap shot by Dylan Strome.
6:37 of 2nd period - Shot Misses the Net.
6:39 of 2nd period - Snap shot by Timo Meier.
6:39 of 2nd period - Shot Misses the Net.
6:41 of 2nd period - Backhand shot by Timo Meier.
6:41 of 2nd period - Shot Misses the Net.
7:04 of 2nd period - Icing by Jake Walman.
7:05 of 2nd period - Sean Couturier wins face-off versus Bo Horvat in New York Rangers zone.
7:05 of 2nd period - Sean Couturier is hit by Bo Horvat.
7:13 of 2nd period - Snap shot by Conor Garland.
7:13 of 2nd period - Stopped by Ilya Sorokin with a rebound.
7:15 of 2nd period - Wrist shot by Teuvo Teravainen.
7:15 of 2nd period - Stopped by Ilya Sorokin without a rebound.
7:16 of 2nd period - David Kampf wins face-off versus J.T. Miller in Calgary Flames zone.
7:20 of 2nd period - Minor Penalty to Matthew Tkachuk for Slashing.
7:21 of 2nd period - J.T. Miller wins face-off versus Nathan MacKinnon in Calgary Flames zone.
8:08 of 2nd period - Snap shot by J.T. Miller.
8:08 of 2nd period - Stopped by Igor Shesterkin with a rebound.
8:22 of 2nd period - Icing by Mikael Granlund.
8:23 of 2nd period - J.T. Miller wins face-off versus Dylan Strome in New York Rangers zone.
8:26 of 2nd period - Snap shot by J.T. Miller.
8:26 of 2nd period - Shot Misses the Net.
8:34 of 2nd period - Teuvo Teravainen is hit by Kris Letang.
9:20 of 2nd period - Penalty to Matthew Tkachuk is over, Matthew Tkachuk is back on ice.
9:28 of 2nd period - Snap shot by Tyler Motte.
9:28 of 2nd period - Stopped by Ilya Sorokin without a rebound.
9:29 of 2nd period - Bo Horvat wins face-off versus Marcus Foligno in Calgary Flames zone.
9:29 of 2nd period - Pavel Zacha is hit by Adam Larsson and loses puck.
9:36 of 2nd period - Snap shot by David Kampf.
9:36 of 2nd period - Shot Misses the Net.
9:38 of 2nd period - Snap shot by Tyler Motte.
9:38 of 2nd period - Stopped by Ilya Sorokin with a rebound.
9:40 of 2nd period - Wrist shot by Adam Larsson.
9:40 of 2nd period - Stopped by Ilya Sorokin without a rebound.
9:41 of 2nd period - Sean Couturier wins face-off versus Sebastian Aho in Calgary Flames zone.
9:46 of 2nd period - Slapshot by Conor Garland.
9:46 of 2nd period - Shot Misses the Net.
10:16 of 2nd period - Off-side.
10:17 of 2nd period - Zach Hyman wins face-off versus Dylan Strome in neutral zone.
10:22 of 2nd period - Wrist shot by Cole Caufield.
10:22 of 2nd period - Shot Misses the Net.
10:32 of 2nd period - Snap shot by Timo Meier.
10:32 of 2nd period - Deflect By Cole Caufield.
10:32 of 2nd period - Shot Misses the Net.
10:32 of 2nd period - Puck is out of play.
10:33 of 2nd period - Mikael Granlund wins face-off versus J.T. Miller in Calgary Flames zone.
10:36 of 2nd period - Snap shot by Nathan MacKinnon.
10:36 of 2nd period - Stopped by Ilya Sorokin with a rebound.
10:44 of 2nd period - Nathan MacKinnon is hit by J.T. Miller and loses puck.
11:16 of 2nd period - Wrist shot by Joel Eriksson Ek.
11:16 of 2nd period - Stopped by Igor Shesterkin without a rebound.
11:17 of 2nd period - Oliver Bjorkstrand wins face-off versus Dylan Strome in New York Rangers zone.
11:43 of 2nd period - Conor Garland is hit by Kris Letang and loses puck.
11:52 of 2nd period - Wrist shot by J.T. Miller.
11:52 of 2nd period - Stopped by Igor Shesterkin with a rebound.
12:26 of 2nd period - Snap shot by Nicholas Paul.
12:26 of 2nd period - Stopped by Igor Shesterkin without a rebound.
12:27 of 2nd period - Dylan Strome wins face-off versus Nicholas Paul in New York Rangers zone.
12:32 of 2nd period - Mathieu Joseph is hit by Timo Meier and loses puck.
12:42 of 2nd period - Off-side.
12:43 of 2nd period - Mikael Granlund wins face-off versus J.T. Miller in neutral zone.
12:45 of 2nd period - Off-side.
12:46 of 2nd period - J.T. Miller wins face-off versus Mikael Granlund in neutral zone.
12:48 of 2nd period - Off-side.
12:49 of 2nd period - J.T. Miller wins face-off versus Mikael Granlund in neutral zone.
12:57 of 2nd period - Jake McCabe is hit by Matthew Tkachuk.
13:02 of 2nd period - Off-side.
13:03 of 2nd period - Bo Horvat wins face-off versus Dylan Strome in neutral zone.
13:17 of 2nd period - Snap shot by Cole Caufield.
13:17 of 2nd period - Shot Blocked by Jeremy Lauzon.
13:19 of 2nd period - Slapshot by Adam Larsson.
13:19 of 2nd period - Shot Blocked by Jeremy Lauzon.
13:49 of 2nd period - Wrist shot by Pavel Zacha.
13:49 of 2nd period - Shot Blocked by Cam Fowler.
13:51 of 2nd period - Slapshot by Kris Letang.
13:51 of 2nd period - Shot Blocked by Mikael Granlund.
13:53 of 2nd period - Snap shot by Oliver Bjorkstrand.
13:53 of 2nd period - Stopped by Igor Shesterkin with a rebound.
13:55 of 2nd period - Slapshot by Jeremy Lauzon.
13:55 of 2nd period - Shot Misses the Net.
13:57 of 2nd period - Slapshot by Jeremy Lauzon.
13:57 of 2nd period - Shot Blocked by Nathan MacKinnon.
13:59 of 2nd period - Backhand shot by Kris Letang.
13:59 of 2nd period - Stopped by Igor Shesterkin without a rebound.
14:00 of 2nd period - Sean Couturier wins face-off versus Joel Eriksson Ek in New York Rangers zone.
14:00 of 2nd period - Sean Couturier is hit by Zach Hyman.
15:56 of 2nd period - Minor Penalty to Timo Meier for High sticking.
15:57 of 2nd period - J.T. Miller wins face-off versus Mikael Granlund in New York Rangers zone.
15:58 of 2nd period - Backhand shot by Matthew Tkachuk.
15:58 of 2nd period - Shot Misses the Net.
16:00 of 2nd period - Wrist shot by Chris Kreider.
16:00 of 2nd period - Stopped by Igor Shesterkin with a rebound.
16:02 of 2nd period - Snap shot by Chris Kreider.
16:02 of 2nd period - Stopped by Igor Shesterkin without a rebound.
16:03 of 2nd period - Mikael Granlund wins face-off versus J.T. Miller in New York Rangers zone.
17:06 of 2nd period - Off-side.
17:07 of 2nd period - David Kampf wins face-off versus Sebastian Aho in neutral zone.
17:38 of 2nd period - Backhand shot by Matthew Tkachuk.
17:38 of 2nd period - Shot Misses the Net.
17:56 of 2nd period - Penalty to Timo Meier is over, Timo Meier is back on ice.
18:21 of 2nd period - Off-side.
18:22 of 2nd period - Bo Horvat wins face-off versus Sean Couturier in neutral zone.
18:51 of 2nd period - Off-side.
18:52 of 2nd period - J.T. Miller wins face-off versus Conor Garland in neutral zone.
18:57 of 2nd period - Snap shot by Chris Kreider.
18:57 of 2nd period - Stopped by Igor Shesterkin with a rebound.
19:07 of 2nd period - Snap shot by Teuvo Teravainen.
19:07 of 2nd period - Stopped by Ilya Sorokin with a rebound.
19:44 of 2nd period - Adam Larsson is hit by Drew Doughty and loses puck.
Goals for this period are 0 for New York Rangers vs 0 for Calgary Flames.
Shots for this period are 8 for New York Rangers vs 14 for Calgary Flames.
3rd period
0:01 of 3rd period - Sebastian Aho wins face-off versus Mikael Granlund in neutral zone.
0:28 of 3rd period - Wrist shot by Matthew Tkachuk.
0:28 of 3rd period - Shot Blocked by Adam Larsson.
0:50 of 3rd period - Snap shot by Timo Meier.
0:50 of 3rd period - Shot Misses the Net.
0:52 of 3rd period - Slapshot by Jake McCabe.
0:52 of 3rd period - Stopped by Ilya Sorokin without a rebound.
0:53 of 3rd period - Sebastian Aho wins face-off versus Mikael Granlund in Calgary Flames zone.
0:53 of 3rd period - Sebastian Aho is hit by Matthew Benning.
1:24 of 3rd period - Off-side.
1:25 of 3rd period - J.T. Miller wins face-off versus Dylan Strome in neutral zone.
1:52 of 3rd period - Filip Hronek is hit by Jake Walman.
2:12 of 3rd period - Nathan MacKinnon is hit by Bo Horvat and loses puck.
2:40 of 3rd period - Minor Penalty to Drew Doughty for Tripping.
2:41 of 3rd period - Sebastian Aho wins face-off versus Nathan MacKinnon in Calgary Flames zone.
3:35 of 3rd period - Slapshot by Cam Fowler.
3:35 of 3rd period - Shot Blocked by Joel Eriksson Ek.
3:37 of 3rd period - Slapshot by Artemi Panarin.
3:37 of 3rd period - Shot Blocked by Cale Makar.
3:39 of 3rd period - Wrist shot by Mikael Granlund.
3:39 of 3rd period - Stopped by Ilya Sorokin without a rebound.
3:40 of 3rd period - Sebastian Aho wins face-off versus Nathan MacKinnon in Calgary Flames zone.
4:00 of 3rd period - Jake Middleton is hit by Jake Walman and loses puck.
4:40 of 3rd period - Penalty to Drew Doughty is over, Drew Doughty is back on ice.
5:47 of 3rd period - Jeremy Lauzon is hit by Sean Couturier and loses puck.
6:18 of 3rd period - Wrist shot by Sebastian Aho.
6:18 of 3rd period - Shot Misses the Net.
6:32 of 3rd period - Slapshot by J.T. Miller.
6:32 of 3rd period - Shot Misses the Net.
7:20 of 3rd period - Backhand shot by Nicholas Paul.
7:20 of 3rd period - Stopped by Igor Shesterkin with a rebound.
7:37 of 3rd period - Off-side.
7:38 of 3rd period - Sean Couturier wins face-off versus J.T. Miller in neutral zone.
7:41 of 3rd period - Slapshot by Cam Fowler.
7:41 of 3rd period - Shot Misses the Net.
8:18 of 3rd period - Tyler Motte is hit by Drew Doughty and loses puck.
8:31 of 3rd period - Snap shot by Joel Eriksson Ek.
8:31 of 3rd period - Shot Misses the Net.
9:07 of 3rd period - Mathieu Joseph is hit by Conor Garland and loses puck.
10:30 of 3rd period - Snap shot by Mathieu Joseph.
10:30 of 3rd period - Stopped by Igor Shesterkin with a rebound.
10:32 of 3rd period - Slapshot by Jake Middleton.
10:32 of 3rd period - Shot Blocked by Matthew Benning.
10:42 of 3rd period - Minor Penalty to John Marino for Tripping.
10:43 of 3rd period - J.T. Miller wins face-off versus Mikael Granlund in New York Rangers zone.
10:44 of 3rd period - Slapshot by Matthew Tkachuk.
10:44 of 3rd period - Shot Misses the Net.
11:00 of 3rd period - Wrist shot by Chris Kreider.
11:00 of 3rd period - Shot Misses the Net.
12:42 of 3rd period - Penalty to John Marino is over, John Marino is back on ice.
13:44 of 3rd period - Slapshot by Cale Makar.
13:44 of 3rd period - Stopped by Igor Shesterkin without a rebound.
13:45 of 3rd period - Nicholas Paul wins face-off versus David Kampf in New York Rangers zone.
14:04 of 3rd period - Mathieu Joseph is hit by Marcus Foligno and loses puck.
14:17 of 3rd period - Off-side.
14:18 of 3rd period - Dylan Strome wins face-off versus J.T. Miller in neutral zone.
14:23 of 3rd period - Snap shot by Cole Caufield.
14:23 of 3rd period - Shot Blocked by Filip Hronek.
14:46 of 3rd period - Icing by Cale Makar.
14:47 of 3rd period - Mikael Granlund wins face-off versus Sebastian Aho in Calgary Flames zone.
14:49 of 3rd period - Minor Penalty to Artemi Panarin for Hooking.
14:50 of 3rd period - Sebastian Aho wins face-off versus David Kampf in New York Rangers zone.
16:49 of 3rd period - Penalty to Artemi Panarin is over, Artemi Panarin is back on ice.
17:26 of 3rd period - Nicholas Paul is hit by Teuvo Teravainen and loses puck.
17:31 of 3rd period - Slapshot by Sean Couturier.
17:31 of 3rd period - Deflect By Teuvo Teravainen.
17:31 of 3rd period - Stopped by Ilya Sorokin without a rebound.
17:32 of 3rd period - Dylan Strome wins face-off versus Nicholas Paul in Calgary Flames zone.
17:46 of 3rd period - Slapshot by Timo Meier.
17:46 of 3rd period - Shot Blocked by Jake Middleton.
17:48 of 3rd period - Snap shot by Cole Caufield.
17:48 of 3rd period - Stopped by Ilya Sorokin without a rebound.
17:49 of 3rd period - Teuvo Teravainen wins face-off versus Oliver Bjorkstrand in Calgary Flames zone.
17:50 of 3rd period - Wrist shot by Conor Garland.
17:50 of 3rd period - Stopped by Ilya Sorokin without a rebound.
17:51 of 3rd period - Sean Couturier wins face-off versus Bo Horvat in Calgary Flames zone.
17:58 of 3rd period - Snap shot by Teuvo Teravainen.
17:58 of 3rd period - Stopped by Ilya Sorokin with a rebound.
18:05 of 3rd period - Slapshot by Pavel Zacha.
18:05 of 3rd period - Shot Misses the Net.
18:17 of 3rd period - Nicholas Paul is hit by David Kampf and loses puck.
18:42 of 3rd period - New York Rangers, Igor Shesterkin is pulled from the net.
19:02 of 3rd period - Wrist shot by J.T. Miller.
19:02 of 3rd period - Shot Misses the Net.
19:04 of 3rd period - Snap shot by Drew Doughty.
19:04 of 3rd period - Goal by Drew Doughty - New York Rangers : 1 - Calgary Flames : 3.
19:04 of 3rd period - Igor Shesterkin from New York Rangers was sent back in the game.
19:05 of 3rd period - Bo Horvat wins face-off versus Sean Couturier in neutral zone.
19:08 of 3rd period - Slapshot by Cale Makar.
19:08 of 3rd period - Shot Misses the Net.
19:16 of 3rd period - Snap shot by Teuvo Teravainen.
19:16 of 3rd period - Shot Blocked by Bo Horvat.
19:18 of 3rd period - Slapshot by Jake Walman.
19:18 of 3rd period - Shot Misses the Net.
19:20 of 3rd period - Slapshot by Jake Walman.
19:20 of 3rd period - Stopped by Ilya Sorokin with a rebound.
19:52 of 3rd period - Snap shot by Cole Caufield.
19:52 of 3rd period - Shot Misses the Net.
19:54 of 3rd period - Wrist shot by Dylan Strome.
19:54 of 3rd period - Stopped by Ilya Sorokin without a rebound.
19:55 of 3rd period - Sebastian Aho wins face-off versus Dylan Strome in Calgary Flames zone.
Goals for this period are 0 for New York Rangers vs 1 for Calgary Flames.
Shots for this period are 8 for New York Rangers vs 4 for Calgary Flames.
Back to the Top